Map: Pendiente de Agustín EE

Players

Skywalker - Winner!

  • Race: Terran Terran
  • League: Platinum
  • Spawn Location: 6:00

GuZzOd - Winner!

  • Race: Zerg Zerg
  • League: Silver
  • Spawn Location: 6:00

Bedik - Winner!

  • Race: Zerg Zerg
  • League: Bronze
  • Spawn Location: 5:00

MrFercho

  • Race: Zerg Zerg
  • League: Gold
  • Spawn Location: 12:00

TATORREA

  • Race: Protoss Protoss
  • League: Gold
  • Spawn Location: 11:00

tigro

  • Race: Terran Terran
  • League: Bronze
  • Spawn Location: 12:00

VOD

Have the link to the VOD?

Description

Time

  • Played on: Aug. 7, 2020, 7:56 p.m.
  • Length: 7:20
Show
View Real Time Build Order
Export as new Build Order

Skywalker Terran - Winner!

Build Orders:  

Get SALT Encoding   

  12  0:02  SCV  
  13  0:14  SCV  
  13  0:18  Supply Depot  
  14  0:26  SCV  
  15  0:30  Refinery  
  15  0:40  SCV  
  16  0:48  Barracks  
  16  0:52  SCV  
  17  1:04  SCV  
  17  1:07  Refinery  
  18  1:16  SCV  
  18  1:17  Supply Depot  
  19  1:28  SCV  
  20  1:40  SCV  
  20  1:43  Factory  
  21  1:52  SCV  
  22  1:59  Barracks Reactor  
  22  2:04  SCV  
  23  2:09  Supply Depot  
  24  2:27  Supply Depot  
  23  2:37  Factory Tech Lab  
  23  2:38  Marine x2  
  25  2:56  Marine x2, Siege Tank  
  30  3:26  Marine  
  30  3:27  Marine  
  31  3:28  Siege Tank  
  31  3:32  Supply Depot  
  35  3:40  Supply Depot  
  35  3:43  SCV  
  35  3:44  Marine x2  
  38  3:53  Starport  
  39  3:55  SCV  
  39  4:01  Hellion  
  39  4:02  Marine x2  
  43  4:19  Supply Depot  
  43  4:22  Marine, Cyclone  
  43  4:23  Marine  
  48  4:31  Medivac  
  50  4:40  Marine x2  
  52  4:54  Siege Tank  
  52  4:58  Marine x2  
  57  5:16  Marine x2  
  53  5:34  Marine  
  54  5:49  Siege Tank  
  57  6:21  Siege Tank  
  57  6:24  Starport Tech Lab  
  60  6:26  Marine  
  60  6:27  Marine  
  62  6:34  Armory  
  62  6:44  Marine x2  
Show
View Real Time Build Order
Export as new Build Order

GuZzOd Zerg - Winner!

Build Orders: Hatch First 

Get SALT Encoding   

  12  0:01  Drone  
  13  0:12  Overlord  
  13  0:19  Drone  
  14  0:35  Drone x2  
  16  0:49  Hatchery  
  15  0:55  Drone  
  15  0:56  Drone  
  17  1:00  Drone  
  18  1:11  Extractor  
  18  1:18  Evolution Chamber  
  16  1:22  Spawning Pool  
  16  1:24  Drone x2  
  18  1:33  Drone  
  20  1:40  Drone  
  20  1:51  Overlord  
  20  2:05  Drone x2  
  20  2:06  Hatchery  
  21  2:25  Queen x2  
  25  2:31  Metabolic Boost  
  25  2:34  Zergling x2  
  26  2:37  Zergling x2  
  27  2:49  Overlord  
  27  2:50  Overlord  
  27  3:08  Drone x5  
  32  3:14  Drone  
  33  3:21  Drone, Evolution Chamber  
  33  3:22  Drone  
  33  3:23  Evolution Chamber  
  33  3:25  Drone  
  34  3:29  Drone  
  34  3:30  Drone  
  36  3:34  Drone  
  36  3:40  Drone  
  36  3:41  Drone x2  
  39  3:43  Drone  
  39  3:45  Drone  
  42  3:49  Drone  
  42  3:50  Drone  
  42  3:52  Drone  
  45  3:56  Overlord  
  45  4:01  Extractor  
  44  4:12  Zerg Melee Weapons Level 1  
  44  4:14  Zerg Ground Armor Level 1  
  44  4:29  Queen  
  46  4:31  Zergling x6  
  46  4:32  Zergling x14  
  46  4:33  Zergling x4  
  46  4:37  Overlord  
  58  4:57  Zergling x14  
  65  5:08  Zergling x2, Overlord x3  
  66  5:27  Zergling x8  
  66  5:28  Zergling x10  
  69  5:42  Zergling x10  
  70  5:52  Zergling x8  
  74  6:03  Zergling x6  
  77  6:17  Zergling x6  
  77  6:18  Zergling x4  
  82  6:43  Zergling x14  
  89  6:50  Overlord x2  
Show
View Real Time Build Order
Export as new Build Order

Bedik Zerg - Winner!

Build Orders: Hatch First 

Get SALT Encoding   

  12  0:01  Drone  
  13  0:12  Drone  
  14  0:38  Hatchery  
  14  0:39  Drone  
  14  0:45  Overlord  
  14  1:04  Spawning Pool  
  14  1:09  Drone  
  14  1:10  Drone  
  15  1:13  Extractor  
  15  1:16  Drone  
  15  1:27  Drone  
  16  1:35  Drone  
  17  1:42  Drone  
  19  1:54  Evolution Chamber, Drone x2  
  19  2:01  Extractor  
  18  2:02  Zergling x2  
  18  2:06  Zergling x2  
  20  2:12  Zergling x2  
  21  2:16  Zergling x2  
  21  2:20  Zerg Melee Weapons Level 1  
  22  2:26  Zergling x2  
  22  2:27  Zergling x2  
  24  2:36  Zergling x4  
  26  2:48  Zergling x4  
  26  2:50  Metabolic Boost  
  28  3:02  Overlord  
  28  3:04  Overlord  
  28  3:24  Lair  
  28  3:32  Zergling x12  
  34  3:46  Drone x2  
  36  3:59  Drone x2  
  38  4:06  Zergling x4  
  40  4:14  Zerg Ground Armor Level 1  
  40  4:27  Zergling x8  
  44  5:04  Overlord x3  
  44  5:05  Overlord  
  36  6:12  Zergling x6  
  36  6:13  Zergling x6  
  42  6:27  Zergling x2  
  42  6:28  Zergling x2  
  43  6:47  Zergling x2  
  43  6:48  Zergling x6  
Show
View Real Time Build Order
Export as new Build Order

MrFercho Zerg 

Build Orders: Pool First 

Get SALT Encoding   

  12  0:24  Spawning Pool  
  12  0:27  Drone x2  
  13  0:36  Overlord  
  13  0:40  Drone  
  14  0:56  Drone  
  15  1:00  Drone  
  16  1:14  Hatchery  
  16  1:16  Drone  
  16  1:25  Drone  
  17  1:33  Drone  
  17  1:39  Extractor  
  17  1:44  Drone  
  18  1:54  Drone  
  19  2:03  Queen  
  19  2:07  Overlord  
  21  2:19  Zergling x2  
  22  2:26  Queen  
  22  2:28  Drone x2  
  26  2:50  Drone x4  
  30  3:04  Queen  
  32  3:09  Drone x2  
  34  3:21  Overlord  
  34  3:23  Drone x2  
  34  3:26  Extractor  
  35  3:27  Extractor  
  34  3:34  Roach Warren  
  34  3:35  Drone x3  
  36  3:45  Drone x5  
  41  3:59  Drone x3  
  44  4:02  Overlord  
  44  4:03  Overlord  
  44  4:28  Drone x2  
  44  4:30  Drone x2  
  44  4:31  Drone  
  49  4:39  Hatchery  
  48  4:50  Evolution Chamber  
  48  4:51  Lair  
  47  4:56  Evolution Chamber  
  47  4:59  Drone  
  47  5:00  Drone  
  47  5:03  Roach  
  47  5:04  Roach x4  
  58  5:26  Roach  
  58  5:28  Overlord x3  
  55  5:43  Roach  
  55  5:44  Roach  
  55  5:49  Roach  
  65  5:50  Roach x2  
  65  5:56  Glial Reconstitution  
  65  6:04  Roach  
  65  6:05  Roach x4  
  75  6:12  Roach  
  75  6:16  Roach  
  75  6:17  Roach  
  75  6:18  Overlord  
  81  6:35  Roach x4  
  81  6:39  Roach x4  
Show
View Real Time Build Order
Export as new Build Order

TATORREA Protoss 

Build Orders:  

Get SALT Encoding   

  12  0:04  Probe  
  13  0:16  Probe  
  14  0:24  Pylon  
  14  0:28  Probe  
  15  0:42  Probe  
  16  0:49  Gateway  
  16  0:54  Probe  
  17  1:06  Probe  
  17  1:07  Assimilator  
  18  1:18  Probe (Chrono Boost)  
  18  1:20  Gateway  
  19  1:25  Assimilator  
  19  1:29  Pylon, Probe (Chrono Boost)  
  20  1:34  Probe (Chrono Boost)  
  21  1:45  Probe (Chrono Boost)  
  21  1:54  Cybernetics Core  
  21  1:57  Probe (Chrono Boost)  
  22  2:04  Forge  
  22  2:05  Probe (Chrono Boost)  
  23  2:11  Probe  
  24  2:31  Stalker x2  
  24  2:32  Warp Gate  
  24  2:33  Protoss Ground Weapons Level 1 (Chrono Boost)  
  28  2:51  Pylon  
  28  2:55  Gateway  
  28  2:57  Gateway  
  28  3:20  Nexus  
  28  3:31  Pylon  
  28  3:32  Probe (Chrono Boost)  
  30  3:42  Probe (Chrono Boost)  
  30  3:47  Probe (Chrono Boost)  
  31  3:58  Probe  
  32  4:10  Probe  
  32  4:13  Nexus  
  32  4:14  Pylon  
  33  4:22  Probe  
  34  4:32  Probe  
  34  4:34  Probe  
  36  4:44  Probe  
  37  4:46  Assimilator, Probe  
  37  4:48  Assimilator  
  38  4:55  Twilight Council  
  38  4:58  Probe (Chrono Boost)  
  38  4:59  Probe (Chrono Boost)  
  40  5:10  Probe (Chrono Boost)  
  40  5:12  Probe (Chrono Boost)  
  40  5:13  Stalker x2  
  46  5:14  Probe (Chrono Boost)  
  46  5:20  Probe  
  41  5:36  Zealot  
  41  5:37  Zealot  
Show
View Real Time Build Order
Export as new Build Order

tigro Terran 

Build Orders:  

Get SALT Encoding   

  12  0:13  SCV  
  13  0:15  Supply Depot  
  13  0:25  SCV  
  14  0:37  SCV  
  14  0:38  Supply Depot  
  15  0:47  Barracks  
  15  0:50  SCV  
  16  1:04  Refinery  
  16  1:06  SCV  
  16  1:08  Refinery  
  17  1:22  SCV  
  18  1:34  SCV  
  18  1:36  Marine  
  20  1:46  SCV  
  21  1:54  Marine  
  21  1:58  SCV  
  23  2:06  Factory  
  23  2:10  SCV  
  23  2:12  Marine  
  25  2:22  SCV  
  26  2:29  Marine  
  27  2:47  Marine  
  28  2:53  Factory Tech Lab  
  28  3:04  Engineering Bay  
  28  3:07  Orbital Command  
  28  3:10  Barracks Tech Lab  
  28  3:19  Siege Tank  
  31  3:32  Armory  
  31  3:33  Terran Infantry Weapons Level 1  
  31  3:44  Marine  
  32  3:51  Siege Tank  
  35  4:02  Marine  
  36  4:20  Marine  
  37  4:38  Command Center, Marine  
  38  4:43  Missile Turret  
  38  4:56  Marine  
  39  5:06  Combat Shield  
  39  5:07  Missile Turret  
  31  5:31  Missile Turret  
  26  5:38  Marine  
  27  5:52  Refinery  
  27  5:56  Marine  
  28  5:57  Missile Turret  
  28  6:14  Marine  
  28  6:32  Marine  
  4  6:50  Marine  
Tags
 
Add a new tag
Caveats
  • Supply blocks, unpowered buildings, or Contaminate may cause inaccurate times.
  • Supply counts are checked every 10 seconds.